 Dungeon Crawl Stone Soup version 0.20-a0-830-g2c9a30d (webtiles) character file.

335 M4edhros the Skirmisher (level 6, -1/65 HPs)
             Began as an Ogre Fighter on Mar 7, 2017.
             Slain by a gnoll
             ... wielding a +0 flail
              (8 damage)
             ... while paralysed
             ... on level 5 of the Dungeon.
             The game lasted 00:04:24 (3012 turns).

M4edhros the Skirmisher (Ogre Fighter)              Turns: 3012, Time: 00:04:25

Health: -1/65      AC:  3    Str: 21    XL:     6   Next: 53%
Magic:  15/15      EV:  1    Int:  9    God:
Gold:   174        SH:  0    Dex: 10    Spells: 2/5 levels left

rFire    . . .     SeeInvis .   n - +0 dagger (venom)
rCold    . . .     Gourm    .   b - +0 robe
rNeg     . . .     Faith    .   c - +0 shield
rPois    .         Spirit   .   (helmet restricted)
rElec    .         Reflect  .   (no cloak)
rCorr    .         Harm     .   (gloves unavailable)
MR       .....                  (boots unavailable)
Stlth    ++........             k - amulet of inaccuracy (curse)
Regen    0.2/turn               (no ring)
MPRegen  0.2/turn               g - ring of magical power

@: paralysed, exhausted, slowed
A: unfitting armour, tough skin 1
a: no special abilities


You were on level 5 of the Dungeon.
You were not hungry.

You visited 1 branch of the dungeon, and saw 5 of its levels.

You collected 174 gold pieces.

Inventory:

Hand Weapons
 a - a +0 rapier
 n - a +0 dagger of venom (weapon)
Armour
 b - a +0 robe (worn)
 c - a +0 shield (worn)
Jewellery
 g - a ring of magical power (left hand)
 h - a cursed ring of loudness {unknown}
 k - a cursed amulet of inaccuracy (around neck)
Scrolls
 e - 2 scrolls of remove curse {unknown}
 i - 2 scrolls of teleportation {unknown}
 p - 4 scrolls of enchant armour {unknown}
 q - 3 scrolls of identify {unknown}
 t - a scroll of recharging {unknown}
 w - a scroll of magic mapping {unknown}
 x - a scroll of amnesia {unknown}
Potions
 d - 2 potions of might
 j - a potion of berserk rage
 m - a potion of heal wounds {unknown}
 o - a potion of ambrosia {unknown}
 u - a potion of invisibility {unknown}
 v - a potion of mutation {unknown}
Books
 s - a book of Minor Magic

   Spells                             Type                      Level
   a - Magic Dart                     Conjuration                  1
   b - Blink                          Translocation                2
   c - Call Imp                       Summoning                    2
   d - Slow                           Hexes                        2
   e - Conjure Flame                  Conjuration/Fire             3
   f - Mephitic Cloud                 Conjuration/Poison/Air       3
Comestibles
 f - 4 bread rations
 l - a royal jelly
 r - 3 meat rations
 z - 2 fruits


   Skills:
 + Level 4.9 Fighting
 * Level 2.8 Short Blades
 + Level 3.5 Dodging
 * Level 2.3 Stealth
 * Level 3.7 Shields
 - Level 0.2 Spellcasting


You had 2 spell levels left.
You knew the following spells:

 Your Spells              Type           Power        Failure   Level  Hunger
a - Mephitic Cloud        Conj/Pois/Air  #.......     100%        3    ####...


Dungeon Overview and Level Annotations

Branches:
Dungeon (5/15)
 Temple: D:4-7

Altars:
Elyvilon
Gozag


Innate Abilities, Weirdness & Mutations

You are too large for most types of armour.
You have tough skin. (AC +1)


Message History

You puncture the gnoll sergeant!
The gnoll sergeant looks as sick as possible!
The gnoll sergeant is almost dead.
You block the gnoll sergeant's attack.
You closely miss the gnoll sergeant.
The gnoll sergeant is almost dead.
You kill the gnoll sergeant!
The gnoll hits you with a flail.
* * * LOW HITPOINT WARNING * * *
Items here: )) [ † a trident; a scale mail; a whip; a gnoll corpse You hit the gnoll.
The gnoll is poisoned.
The gnoll is moderately wounded.
You are no longer berserk.
You pass out from exhaustion.
You feel yourself slow down. The gnoll hits you with a flail!
* * * LOW HITPOINT WARNING * * *
The gnoll hits you with a flail!
You die...

### #.. ##/#
########.#
#...g@).<#
#.#####..##
##....###.#
#........# .#
##...#####
###########.#
##.##
#...........#
#.#
#.##.......##
#.#
#.##..###..#
##'##


You could see a gnoll.

Vanquished Creatures
  An ogre (D:4)
  A gnoll sergeant (D:5)
  A howler monkey (D:5)
  Terence (D:3)
  2 gnolls (D:5)
  4 adders
  An adder skeleton (D:4)
  4 worms
  5 leopard geckos
  4 orcs (D:5)
  2 giant cockroaches
  3 hobgoblins
  A quokka (D:3)
  A ball python (D:3)
  2 bats (D:1)
  3 frilled lizards
  5 goblins
  8 kobolds
  A quokka skeleton (D:4)
  3 rats
53 creatures vanquished.

Notes
Turn   | Place    | Note
-------+----------+-------------------------------------------
     0 | D:1      | M4edhros the Ogre Fighter began the quest for the Orb.
     0 | D:1      | Reached XP level 1. HP: 24/24 MP: 1/1
   298 | D:1      | Reached XP level 2. HP: 32/32 MP: 2/2
   810 | D:2      | Found a white marble altar of Elyvilon.
  1009 | D:2      | Reached XP level 3. HP: 33/39 MP: 3/3
  1021 | D:2      | Reached skill level 1 in Stealth
  1067 | D:2      | Found a faded altar of an unknown god.
  1188 | D:3      | Noticed Terence
  1203 | D:3      | Killed Terence
  1203 | D:3      | Reached XP level 4. HP: 47/49 MP: 4/4
  1365 | D:4      | Learned a level 3 spell: Mephitic Cloud
  1764 | D:4      | Found an opulent altar of Gozag.
  1803 | D:4      | Noticed an ogre
  1824 | D:4      | Killed an ogre
  1824 | D:4      | Reached XP level 5. HP: 19/55 MP: 5/5
  2155 | D:5      | Entered Level 5 of the Dungeon
  2872 | D:5      | Reached XP level 6. HP: 57/65 MP: 6/6
  3012 | D:5      | Slain by a gnoll

Vault maps used:
D:1:      dpeg_arrival_tiny_c
D:2:      elyvilon_altar_4, chequers_ecumenical_altar_twisty, okawaru_gym_becter
D:3:      first_bread, serial_bayou_crossing, uniq_grinder, uniq_terence
D:4:      minmay_goblin_kobold_castle, grunt_gozag_breadcrumbs

Skill      XL: |  1  2  3  4  5 |
---------------+----------------+-----
Stealth        | 1 2 |  2.3
Short Blades   | 2 |  2.8
Dodging        | 3 |  3.5
Shields        | 3 |  3.7
Fighting       | |  4.9
Spellcasting   | |  0.2

Action                   |  1- 3 |  4- 6 || total
-------------------------+-------+-------++-------
Melee: Rapier            |    59 |       ||    59
       Dagger            |    60 |   165 ||   225
  Use: Potion            |       |     1 ||     1
 Stab: Sleeping          |     1 |     3 ||     4
  Eat: Chunk             |       |     7 ||     7
Armor: Robe              |    21 |    23 ||    44
Dodge: Dodged            |    45 |    47 ||    92
Block: Shield            |    40 |    58 ||    98
